 Dungeon Crawl Stone Soup version 0.25-a0-576-g50b708a4c4 (webtiles) character file.

Game seed: 1256579275547289352, levelgen mode: deterministic

58 Flugslaktarn the Shield-Bearer (level 3, 0/34 HPs)
             Began as a Deep Dwarf Fighter on Mar 2, 2020.
             Succumbed to an orc wizard's poison
             ... on level 3 of the Dungeon.
             The game lasted 00:00:37 (447 turns).

Flugslaktarn the Shield-Bearer (Deep Dwarf Fighter)  Turns: 447, Time: 00:00:38

Health: 0/34       AC: 12    Str: 20    XL:     3   Next: 76%
Magic:  0/0        EV:  5    Int:  8    God:
Gold:   36         SH:  9    Dex: 12    Spells: 2/2 levels left

rFire    . . .     SeeInvis .   a - +0 war axe
rCold    . . .     Gourm    .   c - +0 kite shield
rNeg     . . .     Faith    .   n - +0 chain mail
rPois    .         Spirit   .   o - +2 helmet
rElec    .         Reflect  .   (no cloak)
rCorr    .         Harm     .   (no gloves)
MR       .....                  (no boots)
Stlth    ..........             (no amulet)
HPRegen  0.00/turn              (no ring)
MPRegen  0.07/turn              (no ring)

@: mighty, lethally poisoned (0 -> -9), non-regenerating, hasted, very quick
A: damage resistance, heal wounds, sense surroundings 1, no regeneration
a: Heal Wounds


You were on level 3 of the Dungeon.
You were not hungry.

You visited 1 branch of the dungeon, and saw 3 of its levels.

You collected 36 gold pieces.

Inventory:

Hand Weapons
 a - a +0 war axe (weapon)
Armour
 b - a +0 scale mail
 c - a +0 kite shield (worn)
 n - a +0 chain mail (worn)
   (You found it on level 3 of the Dungeon)
 o - a +2 helmet (worn)
   (You found it on level 3 of the Dungeon)
Scrolls
 f - 3 scrolls of identify {unknown}
 g - a scroll of random uselessness {unknown}
 h - a scroll of immolation {unknown}
 j - 3 scrolls of remove curse {unknown}
 m - a scroll of teleportation {unknown}
Potions
 d - a potion of might
 k - a potion of magic
Comestibles
 e - 4 rations
 i - 2 chunks of flesh


   Skills:
 + Level 3.1 Fighting
 * Level 3.3 Axes
 + Level 3.7 Armour
 + Level 3.7 Shields


You had 2 spell levels left.
You didn't know any spells.
Your spell library was empty.

Dungeon Overview and Level Annotations

Branches:
Dungeon (3/15)

Altars:
Ashenzari
Ru


Innate Abilities, Weirdness & Mutations

You are resistant to damage.
You can heal yourself by infusing magical energy.
You passively map a small area around you.
You do not regenerate.


Message History

The orc wizard is heavily wounded.
You feel sick.
The orc wizard gestures at you while chanting.
The magic dart hits you but does no damage.
The orc wizard hits you with a +0 dagger of venom.
* * * LOW HITPOINT WARNING * * *
You are lethally poisoned!
You aren't carrying any items that you can evoke.
Unknown command.
It was a potion of haste.
You feel yourself speed up.
* * * LOW HITPOINT WARNING * * *
You feel sick.
The orc wizard hits you with a +0 dagger of venom.
You block the orc wizard's attack.
You feel very mighty all of a sudden.
* * * LOW HITPOINT WARNING * * *
You feel sick. You block the orc wizard's attack.
You hit the orc wizard.
The orc wizard is severely wounded.
You die...

#.###########.♣*
♣..# ,*#.# ,
....#.♣***♣..#
*.# , * *#...♣
♣.## , ,,
###..o.♣♣♣♣.# *
, ...)....S...#
####.####l##.#
...*, #.##.# ,
.....####S##.##
,
#......@ol....#
###.#####o#####
, , #.# , * #.#
,, , * * #.# * *
* ,..# ###


You could see an orc wizard, an adder, an orc and a frilled lizard.

Vanquished Creatures
  2 adders
  An ooze (D:2)
  A worm (D:2)
  A dart slug (D:3)
  An orc (D:3)
  A bat (D:2)
  4 goblins
  2 hobgoblins
  5 jackals (D:3)
  4 kobolds
  A quokka (D:2)
  3 frilled lizards
  3 rats
29 creatures vanquished.

Notes
Turn   | Place    | Note
-------+----------+-------------------------------------------
     0 | D:1      | Flugslaktarn the Deep Dwarf Fighter began the quest for the
                  | Orb.
     0 | D:1      | Reached XP level 1. HP: 20/20 MP: 1/1
    13 | D:1      | Found a sacrificial altar of Ru.
   156 | D:2      | Reached XP level 2. HP: 27/27 MP: 2/2
   183 | D:2      | Found a shattered altar of Ashenzari.
   226 | D:2      | Reached XP level 3. HP: 31/33 MP: 3/3
   261 | D:2      | Found a faded altar of an unknown god.
   447 | D:3      | Succumbed to an orc wizard's poison

Levels and vault maps discovered:
D:1:      dpeg_arrival_lava_altar, layout_rooms, hex_large
D:2:      layout_rooms, chequers_ecumenical_altar_island, grunt_ministairs_8,
          ashenzari_altar_1
D:3:      layout_basic, nrook_campfire

Skill      XL: |  1  2  3 |
---------------+----------+-----
Axes           | 3 |  3.3
Fighting       | 3 |  3.1
Armour         | |  3.7
Shields        | |  3.7

Action                   || total
-------------------------++-------
Melee: War axe           ||    89
 Abil: Heal Wounds       ||     6
  Use: Potion            ||     3
Armor: Scale mail        ||    34
       Chain mail        ||    25
Dodge: Dodged            ||    25
Block: Kite shield       ||    53

Table legend:
 A = Non-vault XP
 B = Vault XP
 C = Vault XP percentage of total XP
 D = Non-vault monster count
 E = Vault monster count
 F = Vault count percentage of total count
                 A         B        C        D         E       F
            +---------+---------+-------+---------+---------+-------
      Total |      69 |      15 |  17.9 |      27 |       2 |   6.9
            +---------+---------+-------+---------+---------+-------
        D:1 |       8 |       0 |   0.0 |       5 |       0 |   0.0
        D:2 |      24 |      15 |  38.5 |       9 |       2 |  18.2
        D:3 |      37 |       0 |   0.0 |      13 |       0 |   0.0
            +---------+---------+-------+---------+---------+-------
